TOP OF THE 1ST |
Salt Lake City Buzz batting - Pitching for Athletic Club KC Reserves : RHP Joe King
|
Pitching: RHP Joe King
|
|
Batting: RHB Roberto Ríos
|
0-0: Swinging Strike 0-1: Foul Ball, location: 2F 0-2: Ball 1-2: Strikes out swinging
|
Batting: RHB Clint Anthony
|
0-0: Called Strike 0-1: Ball 1-1: Ball 2-1: Foul Ball, location: 2F 2-2: Reached on Error, E4 (Popup, 4MD)
|
Batting: SHB Raymond Bright
|
0-0: Grounds into double play, 4-6-3 (Groundball, 4)
|
Top of the 1st over - 0 run(s), 0 hit(s), 1 error(s), 0 left on base; Salt Lake City 0 - Athletic Club KC 0 |
BOTTOM OF THE 1ST |
Athletic Club KC Reserves batting - Pitching for Salt Lake City Buzz : RHP Huai-yu Kan
|
Pitching: RHP Huai-yu Kan
|
|
Batting: LHB Kenko Ueda
|
0-0: Ball 1-0: Foul Ball, location: 2F 1-1: Hit by Pitch
|
Batting: RHB Karl Stevens
|
0-0: SINGLE (Line Drive, 8RS) Kenko Ueda to second Kenko Ueda to third
|
Batting: LHB Rafael García
|
0-0: Ball 1-0: Ball 2-0: Called Strike 2-1: DOUBLE (Line Drive, 78M) Kenko Ueda scores Karl Stevens to third
|
Batting: RHB Nick Simmons
|
0-0: Foul Ball, location: 2F 0-1: Ball 1-1: Ball 2-1: Fly out, F8 (Flyball, 8RXD) Runner from 3rd tags up, SCORES, no throw
|
Batting: RHB Robert Hill
|
0-0: Called Strike 0-1: Ball 1-1: Ground out 3-1 (Groundball, 34S) Rafael García to third
|
Batting: RHB Adam Hennessey
|
0-0: Called Strike 0-1: Foul Ball, location: 2F 0-2: Strikes out swinging
|
Bottom of the 1st over - 2 run(s), 2 hit(s), 0 error(s), 1 left on base; Salt Lake City 0 - Athletic Club KC 2 |
TOP OF THE 2ND |
Salt Lake City Buzz batting - Pitching for Athletic Club KC Reserves : RHP Joe King
|
Batting: LHB Martín Núñes
|
0-0: Swinging Strike 0-1: Ball 1-1: Swinging Strike 1-2: Strikes out looking
|
Batting: SHB Wayne Saunders
|
0-0: Foul Ball, location: 2F 0-1: Called Strike 0-2: Ball 1-2: Ball 2-2: Strikes out looking
|
Batting: RHB Don MacNeilage
|
0-0: Called Strike 0-1: Ball 1-1: SINGLE (Groundball, 6MD)
|
Batting: RHB Jim Coffey
|
0-0: Called Strike 0-1: Foul Ball, location: 2F 0-2: Fly out, F8 (Flyball, 8LS)
|
Top of the 2nd over - 0 run(s), 1 hit(s), 0 error(s), 1 left on base; Salt Lake City 0 - Athletic Club KC 2 |
BOTTOM OF THE 2ND |
Athletic Club KC Reserves batting - Pitching for Salt Lake City Buzz : RHP Huai-yu Kan
|
Batting: RHB Jason Dunn
|
0-0: Ball 1-0: Foul Ball, location: 2F 1-1: Called Strike 1-2: Foul Ball, location: 2F 1-2: Strikes out swinging
|
Batting: RHB Eddie O'Bryan
|
0-0: Ground out 6-3 (Groundball, 6)
|
Batting: RHB Stu Henderson
|
0-0: Fly out, F7 (Flyball, 7M)
|
Bottom of the 2nd over - 0 run(s), 0 hit(s), 0 error(s), 0 left on base; Salt Lake City 0 - Athletic Club KC 2 |
TOP OF THE 3RD |
Salt Lake City Buzz batting - Pitching for Athletic Club KC Reserves : RHP Joe King
|
Batting: RHB Patrick Clark
|
0-0: Ball 1-0: Fly out, F7 (Flyball, 7D)
|
Batting: SHB Shelby Reusch
|
0-0: Called Strike 0-1: Ball 1-1: Ground out 4-3 (Groundball, 4)
|
Batting: RHB Roberto Ríos
|
0-0: Ball 1-0: Swinging Strike 1-1: Swinging Strike 1-2: Fly out, F5 (Line Drive, 56)
|
Top of the 3rd over - 0 run(s), 0 hit(s), 0 error(s), 0 left on base; Salt Lake City 0 - Athletic Club KC 2 |
BOTTOM OF THE 3RD |
Athletic Club KC Reserves batting - Pitching for Salt Lake City Buzz : RHP Huai-yu Kan
|
Batting: LHB Kenko Ueda
|
0-0: Swinging Strike 0-1: SINGLE (Line Drive, 8RS)
|
Batting: RHB Karl Stevens
|
0-0: Ball 1-0: Ball 2-0: Foul Ball, location: 2F 2-1: Ball 3-1: Base on Balls Kenko Ueda to second
|
Batting: LHB Rafael García
|
0-0: Called Strike 0-1: Ball 1-1: Ball 2-1: Ball 3-1: Foul Ball, location: 2F 3-2: Base on Balls Kenko Ueda to third Karl Stevens to second
|
Batting: RHB Nick Simmons
|
0-0: Ball 1-0: Fly out, F7 (Line Drive, 7S)
|
Batting: RHB Robert Hill
|
0-0: Called Strike 0-1: Ball 1-1: Fly out, F5 (Popup, 5F)
|
Batting: RHB Adam Hennessey
|
0-0: SINGLE (Groundball, 13) (infield hit) Kenko Ueda scores Karl Stevens to third Rafael García to second
|
Batting: RHB Jason Dunn
|
0-0: Called Strike 0-1: Ball 1-1: Foul Ball, location: 2F 1-2: Ball 2-2: Strikes out swinging
|
Bottom of the 3rd over - 1 run(s), 2 hit(s), 0 error(s), 3 left on base; Salt Lake City 0 - Athletic Club KC 3 |
TOP OF THE 4TH |
Salt Lake City Buzz batting - Pitching for Athletic Club KC Reserves : RHP Joe King
|
Batting: RHB Clint Anthony
|
0-0: Called Strike 0-1: Ball 1-1: Ball 2-1: Called Strike 2-2: Strikes out looking
|
Batting: SHB Raymond Bright
|
0-0: SINGLE (Groundball, 34D)
|
Batting: LHB Martín Núñes
|
0-0: Ball 1-0: Fly out, F9 (Flyball, 89D)
|
Batting: SHB Wayne Saunders
|
0-0: Ball Throwing error on steal attempt, E2 Raymond Bright to third 1-0: Foul Ball, location: 2F 1-1: Foul Ball, location: 2F 1-2: Ball 2-2: Foul Ball, location: 2F 2-2: Strikes out swinging
|
Top of the 4th over - 0 run(s), 1 hit(s), 1 error(s), 1 left on base; Salt Lake City 0 - Athletic Club KC 3 |
BOTTOM OF THE 4TH |
Athletic Club KC Reserves batting - Pitching for Salt Lake City Buzz : RHP Huai-yu Kan
|
Batting: RHB Eddie O'Bryan
|
0-0: Foul Ball, location: 2F 0-1: Ground out 4-3 (Groundball, 4)
|
Batting: RHB Stu Henderson
|
0-0: Ball 1-0: Foul Ball, location: 2F 1-1: Ground out 6-3 (Groundball, 6M)
|
Batting: LHB Kenko Ueda
|
0-0: Ball 1-0: Ball 2-0: Called Strike 2-1: Foul Ball, location: 2F 2-2: Strikes out swinging
|
Bottom of the 4th over - 0 run(s), 0 hit(s), 0 error(s), 0 left on base; Salt Lake City 0 - Athletic Club KC 3 |
TOP OF THE 5TH |
Salt Lake City Buzz batting - Pitching for Athletic Club KC Reserves : RHP Joe King
|
Batting: RHB Don MacNeilage
|
0-0: Foul Ball, location: 2F 0-1: Foul Ball, location: 2F 0-2: Ball 1-2: Strikes out swinging
|
Batting: RHB Jim Coffey
|
0-0: Ball 1-0: Ball 2-0: Ball 3-0: Base on Balls
|
Batting: RHB Patrick Clark
|
0-0: Called Strike 0-1: Foul Ball, location: 2F 0-2: Ball 1-2: Fly out, F9 (Flyball, 89S)
|
Batting: SHB Shelby Reusch
|
0-0: Called Strike 0-1: Called Strike 0-2: Ball 1-2: Ball 2-2: Foul Ball, location: 2F 2-2: Fly out, F7 (Flyball, 7M)
|
Top of the 5th over - 0 run(s), 0 hit(s), 0 error(s), 1 left on base; Salt Lake City 0 - Athletic Club KC 3 |
BOTTOM OF THE 5TH |
Athletic Club KC Reserves batting - Pitching for Salt Lake City Buzz : RHP Huai-yu Kan
|
Batting: RHB Karl Stevens
|
0-0: Ground out 4-3 (Groundball, 4)
|
Batting: LHB Rafael García
|
0-0: Called Strike 0-1: Swinging Strike 0-2: Ball 1-2: Ball 2-2: Fly out, F7 (Flyball, 78M)
|
Batting: RHB Nick Simmons
|
0-0: Foul Ball, location: 2F 0-1: Ball 1-1: Ball 2-1: Ball 3-1: Foul Ball, location: 2F 3-2: Base on Balls
|
Batting: RHB Robert Hill
|
0-0: Ball 1-0: Ball 2-0: Swinging Strike 2-1: Ball 3-1: Foul Ball, location: 2F 3-2: SINGLE (Line Drive, 6MD) Nick Simmons to second Nick Simmons to third
|
Batting: RHB Adam Hennessey
|
0-0: Foul Ball, location: 2F 0-1: Ball 1-1: SINGLE (Line Drive, 6M) Nick Simmons scores Robert Hill to second
|
Batting: RHB Jason Dunn
|
0-0: Ball 1-0: Fly out, F9 (Flyball, 9M)
|
Bottom of the 5th over - 1 run(s), 2 hit(s), 0 error(s), 2 left on base; Salt Lake City 0 - Athletic Club KC 4 |
TOP OF THE 6TH |
Salt Lake City Buzz batting - Pitching for Athletic Club KC Reserves : RHP Joe King
|
Batting: RHB Roberto Ríos
|
0-0: Ball 1-0: Foul Ball, location: 2F 1-1: Called Strike 1-2: Strikes out swinging
|
Batting: RHB Clint Anthony
|
0-0: Ball 1-0: Called Strike 1-1: Foul Ball, location: 2F 1-2: Foul Ball, location: 2F 1-2: Ball 2-2: Ball 3-2: Fly out, F4 (Popup, 3)
|
Batting: SHB Raymond Bright
|
0-0: Called Strike 0-1: Called Strike 0-2: Ball 1-2: Strikes out looking
|
Top of the 6th over - 0 run(s), 0 hit(s), 0 error(s), 0 left on base; Salt Lake City 0 - Athletic Club KC 4 |
BOTTOM OF THE 6TH |
Athletic Club KC Reserves batting - Pitching for Salt Lake City Buzz : RHP Huai-yu Kan
|
Batting: RHB Eddie O'Bryan
|
0-0: Ball 1-0: Ball 2-0: Ground out 5-3 (Groundball, 5L)
|
Batting: RHB Stu Henderson
|
0-0: Ball 1-0: Ground out 6-3 (Groundball, 56)
|
Batting: LHB Kenko Ueda
|
0-0: Ball 1-0: Ball 2-0: Ground out U3 (Groundball, 3L)
|
Bottom of the 6th over - 0 run(s), 0 hit(s), 0 error(s), 0 left on base; Salt Lake City 0 - Athletic Club KC 4 |
TOP OF THE 7TH |
Salt Lake City Buzz batting - Pitching for Athletic Club KC Reserves : RHP Joe King
|
Batting: LHB Martín Núñes
|
0-0: SINGLE (Groundball, 34D)
|
Batting: SHB Wayne Saunders
|
0-0: Swinging Strike 0-1: Ball 1-1: Called Strike 1-2: Foul Ball, location: 2F 1-2: Ball 2-2: Foul Ball, location: 2F 2-2: Foul Ball, location: 2F 2-2: Grounds into double play, 5-4-3 (Groundball, 5L)
|
Batting: RHB Don MacNeilage
|
0-0: SOLO HOME RUN (Line Drive, 89XD), Distance : 388 ft
|
Batting: RHB Jim Coffey
|
0-0: Ball 1-0: Ball 2-0: Ball 3-0: Base on Balls
|
Batting: RHB Patrick Clark
|
0-0: Ball 1-0: Called Strike Jim Coffey steals 2nd base 1-1: Foul Ball, location: 2F 1-2: Ball 2-2: SINGLE (Line Drive, 6) Jim Coffey to third Runner from 3rd tries for Home, SAFE, no throw or cutoff
|
Batting: SHB Shelby Reusch
|
0-0: Called Strike 0-1: Called Strike 0-2: Foul Ball, location: 2F 0-2: Foul Ball, location: 2F 0-2: Fly out, F5 (Line Drive, 56)
|
Top of the 7th over - 2 run(s), 3 hit(s), 0 error(s), 1 left on base; Salt Lake City 2 - Athletic Club KC 4 |
BOTTOM OF THE 7TH |
Athletic Club KC Reserves batting - Pitching for Salt Lake City Buzz : RHP Huai-yu Kan
|
Batting: RHB Karl Stevens
|
0-0: Foul Ball, location: 2F 0-1: Fly out, F7 (Flyball, 78M)
|
Batting: LHB Rafael García
|
0-0: Foul Ball, location: 2F 0-1: SINGLE (Line Drive, 4MD)
|
Batting: RHB Nick Simmons
|
0-0: Foul Ball, location: 2F 0-1: Ball 1-1: Foul Ball, location: 2F 1-2: DOUBLE (Line Drive, 78D) Rafael García to third
|
Batting: RHB Robert Hill
|
0-0: Ball 1-0: Foul Ball, location: 2F 1-1: Fly out, F5 (Popup, 5SF)
|
Batting: RHB Adam Hennessey
|
0-0: Ball 1-0: Ball 2-0: Called Strike 2-1: Fly out, F8 (Flyball, 8RS)
|
Bottom of the 7th over - 0 run(s), 2 hit(s), 0 error(s), 2 left on base; Salt Lake City 2 - Athletic Club KC 4 |
TOP OF THE 8TH |
Salt Lake City Buzz batting - Pitching for Athletic Club KC Reserves : RHP Joe King
|
Batting: RHB Roberto Ríos
|
0-0: Ball 1-0: Ball 2-0: Called Strike 2-1: Ball 3-1: Foul Ball, location: 2F 3-2: SINGLE (Line Drive, 89S)
|
Batting: RHB Clint Anthony
|
0-0: Swinging Strike 0-1: Ball 1-1: Ball 2-1: Ground out 5-3 (Groundball, 56S) Roberto Ríos to second
|
Batting: SHB Raymond Bright
|
0-0: Ball 1-0: Called Strike 1-1: Foul Ball, location: 2F 1-2: Strikes out swinging
|
Batting: LHB Martín Núñes
|
0-0: Ball 1-0: Ground out U3 (Groundball, 3)
|
Top of the 8th over - 0 run(s), 1 hit(s), 0 error(s), 1 left on base; Salt Lake City 2 - Athletic Club KC 4 |
BOTTOM OF THE 8TH |
Athletic Club KC Reserves batting - Pitching for Salt Lake City Buzz : RHP Huai-yu Kan
|
Batting: RHB Jason Dunn
|
0-0: Ball 1-0: Foul Ball, location: 2F 1-1: Ball 2-1: Foul Ball, location: 2F 2-2: Strikes out looking
|
Batting: RHB Eddie O'Bryan
|
0-0: Foul Ball, location: 2F 0-1: Foul Ball, location: 2F 0-2: Fly out, F4 (Popup, 4M)
|
Batting: RHB Stu Henderson
|
0-0: Foul Ball, location: 2F 0-1: Foul Ball, location: 2F 0-2: Foul Ball, location: 2F 0-2: Ball 1-2: Ground out 4-3 (Groundball, 4)
|
Bottom of the 8th over - 0 run(s), 0 hit(s), 0 error(s), 0 left on base; Salt Lake City 2 - Athletic Club KC 4 |
TOP OF THE 9TH |
Salt Lake City Buzz batting - Pitching for Athletic Club KC Reserves : RHP Joe King
|
Pitching: LHP Carlos Vargas
|
|
Batting: SHB Wayne Saunders
|
0-0: Ball 1-0: Foul Ball, location: 2F 1-1: Ball 2-1: Foul Ball, location: 2F 2-2: Strikes out swinging
|
Batting: RHB Don MacNeilage
|
0-0: Called Strike 0-1: Ball 1-1: Ball 2-1: Ball 3-1: Base on Balls
|
Batting: RHB Jim Coffey
|
0-0: Foul Ball, location: 2F 0-1: Fly out, F8 (Flyball, 78S)
|
Batting: RHB Patrick Clark
|
0-0: Swinging Strike 0-1: Fielders Choice at 2nd, U6 (Groundball, 6M)
|
Top of the 9th over - 0 run(s), 0 hit(s), 0 error(s), 1 left on base; Salt Lake City 2 - Athletic Club KC 4 |
|